 Dungeon Crawl Stone Soup version 0.28-a0-10-g964c8b829e (webtiles) character file.

Game seed: 10520871139616908184

42 willcat the Skirmisher (level 3, -3/36 HPs)
             Began as a Troll Delver on July 26, 2021.
             Slain by an orc (4 damage)
             ... on level 6 of the Dungeon.
             The game lasted 00:01:03 (190 turns).

willcat the Skirmisher (Troll Delver)                Turns: 190, Time: 00:01:05

Health: -3/36      AC:  4    Str: 21    XL:     3   Next: 35%
Magic:  2/2        EV: 10    Int:  6    God:
Gold:   0          SH:  0    Dex: 11    Spells: 2/2 levels left

rFire   . . .      SeeInvis .     - Unarmed
rCold   . . .      Faith    .   (no shield)
rNeg    . . .      Spirit   .   a - +0 robe
rPois   .          Reflect  .   (helmet restricted)
rElec   .          Harm     .   (no cloak)
rCorr   .          Rampage  .   (gloves unavailable)
Will    .....                   (boots unavailable)
Stlth   ++........              (no amulet)
HPRegen 1.12/turn               (no ring)
MPRegen 0.08/turn               (no ring)

@: no status effects
A: large, unfitting armour, claws 3, regeneration 1, shaggy fur 1, tough skin 1
a: no special abilities


You were on level 6 of the Dungeon.
You visited 1 branch of the dungeon, and saw 3 of its levels.

Inventory:

Armour
 a - a +0 robe (worn)
Wands
 f - a wand of digging (3)
Scrolls
 b - a scroll of fog
 c - a scroll of magic mapping
 d - a scroll of fear
 i - a scroll of teleportation {unknown}
Potions
 e - a potion of lignification {unknown}
 g - a potion of attraction {unknown}
 h - a potion of curing {unknown}


   Skills:
 + Level 2.9 Fighting
 + Level 2.2 Dodging
 - Level 2.7 Stealth
 + Level 2.7 Unarmed Combat


You had 2 spell levels left.
You didn't know any spells.
Your spell library contained the following spells:

 Spells                   Type           Power      Damage    Failure   Level
 Olgreb's Toxic Radiance  Pois           0%         N/A       99%         4
 Ozocubu's Refrigeration  Ice            0%         4d5       100%        7
 Ignition                 Fire           0%         3d3       100%        8


Dungeon Overview and Level Annotations

Branches:
Dungeon (7/15)
 Temple: D:4-7

Altars:

Annotations:
D:7 Pikel


Innate Abilities, Weirdness & Mutations

You are too large for most types of armour.
You have claws for hands.
Your natural rate of healing is unusually fast.
You are covered in fur. (AC +1)
You have tough skin. (AC +1)


Message History

Things that are here:
a +0 hand axe; a +0 leather armour You start resting.
HP restored.
Things that are here:
a +0 hand axe; a +0 leather armour
There is a stone staircase leading down, spattered with blood here.
You climb downwards.
Level annotation: Pikel The lemure barely misses you.
The lemure hits you. The orc hits you with a +0 club. The lemure hits you.
The lemure closely misses you. The orc closely misses you.
There is a stone staircase leading up here.
Unknown command.
The orc hits you with a +0 club.
The orc wizard hits you with a +0 dagger.
The lemure closely misses you. The orc hits you with a +0 club.
The lemure hits you but does no damage.
You climb upwards.
There is a stone staircase leading down, spattered with blood here.
Unknown command.
You closely miss the lemure. The orc completely misses you.
The orc wizard hits you but does no damage.
The orc hits you with a +0 club. The lemure hits you.
Unknown command.
You claw the lemure!
The lemure is moderately wounded.
The orc hits you with a +0 club.
The orc wizard hits you but does no damage.
The orc hits you but does no damage. The lemure hits you!
* * * LOW HITPOINT WARNING * * *
Unknown command.
You scratch the lemure.
The lemure is heavily wounded.
The orc hits you but does no damage.
The orc wizard hits you but does no damage.
The lemure hits you.
* * * LOW HITPOINT WARNING * * *
The orc hits you with a +0 club.
You die...

#...##........#
#............#
#...........##
##..###.......# #####...#
##......## ##....####
##......# ..#####
##.####..# .## ###..o## #
.# #...5o@# .# .##
##...#o5### #.##
..########....###..##...#
..........##..####...[.#
..........###..####.####
..#####...# ##...####
...#####..# ##...# ######
#.........### #...##
#....#
###.........####...##
##..###


You could see 2 lemures, an orc wizard and 2 orcs.

Vanquished Creatures
  A lemure (D:6)
  An iguana (D:6)
  A howler monkey skeleton (D:6)
  A white imp (D:6)
  An orc (D:6)
5 creatures vanquished.

Notes
Turn   | Place    | Note
-------+----------+-------------------------------------------
     0 | D:5      | willcat the Troll Delver began the quest for the Orb.
     0 | D:5      | Reached XP level 1. HP: 22/22 MP: 0/0
    26 | D:6      | Noticed an iguana
    34 | D:6      | Killed an iguana
    35 | D:6      | Reached XP level 2. HP: 19/29 MP: 1/1
    86 | D:6      | Reached XP level 3. HP: 36/36 MP: 2/2
   145 | D:7      | Noticed a lemure
   148 | D:7      | Noticed Pikel
   148 | D:7      | Noticed a lemure
   149 | D:7      | Noticed a lemure
   151 | D:7      | Noticed a lemure
   158 | D:6      | Killed a lemure
   190 | D:6      | HP: 1/36 [lemure[Pikel] (5)]
   190 | D:6      | Slain by an orc

Illustrated notes

Levels and vault maps discovered:
D:5:      layout_loops_ring, uniq_crazy_yiuf_cottage
D:6:      layout_layer_cave, grunt_temple_overflow_open, serial_shops, shop
D:7:      layout_basic, overflow_temple_1_default, uniq_pikel, uniq_harold

Skill      XL: |  1 |
---------------+----+-----
Dodging        | 2 |  2.2
Fighting       | |  2.9
Stealth        | |  2.7
Unarmed Combat | |  2.7

Action                   || total
-------------------------++-------
Melee: Unarmed           ||    26
       Punch             ||     1
  Use: Potion            ||     1
Armor: Robe              ||    10
Dodge: Dodged            ||    13

Table legend: (Time is in decaauts)
 A = Elapsed time spent in this place.
 B = Non-inter-level travel time spent in this place.
 C = Inter-level travel time spent in this place.
 D = Time resting spent in this place.
 E = Time spent auto-exploring this place.
 F = Levels seen in this place.
 G = Mean time per level.
                   A        B        C        D        E       F      G
               +--------+--------+--------+--------+--------+-----+--------+
         Total |    171 |    171 |      0 |     12 |      2 |   3 |   57.0 |
       Dungeon |    171 |    171 |      0 |     12 |      2 |   3 |   57.0 |
               +--------+--------+--------+--------+--------+-----+--------+

Top non-repeatable levels by time:
     D:6: 145 daAuts
     D:5: 16 daAuts
     D:7: 10 daAuts
